 Dungeon Sprint DCSS version 0.26-a0-70-g31f1466007 (webtiles) character file.

Game seed: 7734699367739324888

33 McFeastMcFlurry the Covered (level 3, -6/36 HPs)
             Began as a Minotaur Fighter on June 13, 2020.
             Splashed by an oklob sapling priest's acid (13 damage)
             ... in the Dungeon (Sprint IV: "Fedhas' Mad Dash").
             The game lasted 00:05:53 (711 turns).

McFeastMcFlurry the Covered (Minotaur Fighter)       Turns: 711, Time: 00:05:54

Health: -6/36      AC:  7    Str: 21    XL:     3   Next: 12%
Magic:  2/2        EV:  7    Int:  5    God:
Gold:   36         SH: 10    Dex:  9    Spells: 2/2 levels left

rFire    . . .     SeeInvis .   a - +0 long sword
rCold    . . .     Gourm    .   c - +0 kite shield
rNeg     . . .     Faith    .   b - +0 scale mail
rPois    .         Spirit   .   (helmet restricted)
rElec    .         Reflect  .   (no cloak)
rCorr    .         Harm     .   (no gloves)
MR       .....     NoTele   +   (no boots)
Stlth    ..........             n - amulet of invisibility {+Inv}
HPRegen  0.12/turn              (no ring)
MPRegen  0.08/turn              (no ring)

@: no status effects
A: retaliatory headbutt, horns 2
a: Evoke Invisibility


You were in the Dungeon.
You were not hungry.

You visited 1 branch You collected 36 gold pieces.

Inventory:

Hand Weapons
 a - a +0 long sword (weapon)
Armour
 b - a +0 scale mail (worn)
 c - a +0 kite shield (worn)
Jewellery
 n - the amulet of invisibility (around neck) {+Inv}
   (You found it in the Dungeon)

   [amulet of nothing]

   It lets you turn invisible.
Scrolls
 k - a scroll of blinking
 l - a scroll of enchant armour {unknown}
Potions
 d - a potion of might
 e - a potion of curing
 g - a potion of heal wounds
 h - a potion of haste
 i - 2 potions of magic
 j - a potion of berserk rage
 m - a potion of mutation {unknown}
Comestibles
 f - a ration


   Skills:
 + Level 5.3 Fighting
 + Level 3.3 Long Blades
 + Level 5.5 Armour
 + Level 5.4 Shields


You had 2 spell levels left.
You didn't know any spells.
Your spell library was empty.

Dungeon Overview and Level Annotations

Branches:
Dungeon (1/1)

Altars:
Cheibriados
Dithmenos
Gozag
Hepliaklqana
Kikubaaqudgha
Makhleb
Nemelex Xobeh
Okawaru
Ru
Sif Muna
Trog
Uskayaw
Wu Jian
Xom
Yredelemnul
Zin
Beogh
Jiyva

Annotations:
D exclusion: 3 oklob saplings


Innate Abilities, Weirdness & Mutations

You reflexively headbutt those who attack you in melee.
You have a pair of horns on your head.


Message History

The oklob sapling spits acid at you.
The splash of acid hits you but does no damage.
You are splashed with acid!
Marking area around an oklob sapling as unsafe for travelling.
Found 15 gold pieces.
You open the door.
Found ten altars.
An oklob sapling priest comes into view.
The oklob sapling priest looks satisfied for a moment.
Marking area around an oklob sapling as unsafe for travelling.
Found three altars.
There is an open door here.
Found three altars.
The oklob sapling priest looks satisfied for a moment.
Found two altars.
The oklob sapling priest spits acid at you.
The splash of acid hits you!
* * * LOW HITPOINT WARNING * * *
You are splashed with acid!
You die...

########################
.P#.....#.$...#.@._._._.
..'.[...'.#...'.._._._._
PP#.....#P#...#..._._P_.
############'##.._._._._
+...#._._._._.
#$P$########## #####


You could see an oklob sapling priest.

Vanquished Creatures
  A worker ant (D)
  A river rat (D)
  A rat (D)
3 creatures vanquished.

Notes
Turn   | Place    | Note
-------+----------+-------------------------------------------
     0 | D        | McFeastMcFlurry the Minotaur Fighter began the quest for
                  | the Orb.
     0 | D        | Reached XP level 1. HP: 19/19 MP: 0/0
     6 | D        | Reached XP level 2. HP: 28/28 MP: 1/1
    21 | D        | Noticed an oklob sapling
   324 | D        | Found the amulet of invisibility {+Inv}
   338 | D        | Reached skill level 5 in Fighting
   338 | D        | Reached skill level 5 in Armour
   338 | D        | Reached skill level 5 in Shields
   338 | D        | Reached XP level 3. HP: 8/36 MP: 2/2
   704 | D        | Noticed an oklob sapling
   707 | D        | Found an opulent altar of Gozag.
   707 | D        | Found a hazy altar of Hepliaklqana.
   707 | D        | Found a burning altar of Makhleb.
   707 | D        | Found a roughly hewn altar of Beogh.
   707 | D        | Found a sparkling altar of Nemelex Xobeh.
   707 | D        | Found a snail-covered altar of Cheibriados.
   707 | D        | Found a sacrificial altar of Ru.
   707 | D        | Found a shimmering blue altar of Sif Muna.
   707 | D        | Found a shimmering altar of Xom.
   707 | D        | Found a basalt altar of Yredelemnul.
   708 | D        | Found a viscous altar of Jiyva.
   708 | D        | Found a bloodstained altar of Trog.
   708 | D        | Found an ornate altar of the Wu Jian Council.
   708 | D        | Noticed an oklob sapling priest
   709 | D        | Found an iron altar of Okawaru.
   709 | D        | Found a shadowy altar of Dithmenos.
   709 | D        | Found a glowing silver altar of Zin.
   710 | D        | Found an ancient bone altar of Kikubaaqudgha.
   710 | D        | Found a hide-covered altar of Uskayaw.
   711 | D        | Splashed by an oklob sapling priest's acid

Illustrated notes

Levels and vault maps discovered:
D:        dungeon_sprint_fedhas [sprint_temple]

Skill      XL: |  1  2 |
---------------+-------+-----
Fighting       | 4 5 |  5.3
Armour         | 4 5 |  5.5
Shields        | 4 5 |  5.4
Long Blades    | 3 |  3.3

Action                   || total
-------------------------++-------
Melee: Long sword        ||    11
       Headbutt          ||     4
Armor: Scale mail        ||     6
Dodge: Dodged            ||     2
Block: Kite shield       ||    11

Table legend:
 A = Non-vault XP
 B = Vault XP
 C = Vault XP percentage of total XP
 D = Non-vault monster count
 E = Vault monster count
 F = Vault count percentage of total count
                 A         B        C        D         E       F
            +---------+---------+-------+---------+---------+-------
      Total |       0 |      48 | 100.0 |       0 |       3 | 100.0
            +---------+---------+-------+---------+---------+-------
          D |       0 |      48 | 100.0 |       0 |       3 | 100.0
            +---------+---------+-------+---------+---------+-------
